 Dungeon Crawl Stone Soup version 0.27.1-4-g1640c2035a (webtiles) character file.

Game seed: 2742164142542319146

52 zeram the Chopper (level 3, -5/31 HPs)
             Began as a Hill Orc Fighter on Nov 11, 2021.
             Slain by Natasha (6 damage)
             ... on level 2 of the Dungeon.
             The game lasted 00:02:37 (1360 turns).

zeram the Chopper (Hill Orc Fighter)                Turns: 1360, Time: 00:02:38

Health: -5/31      AC:  7    Str: 17 (18) XL:     3   Next: 85%
Magic:  0/3        EV: 11    Int:  6 (9)  God:
Gold:   74         SH:  8    Dex:  7 (10) Spells: 2/2 levels left

rFire    . . .     SeeInvis .   a - +0 war axe
rCold    + . .     Faith    .   c - +0 kite shield
rNeg     . . .     Spirit   +   b - +0 scale mail
rPois    .         Reflect  .   (no helmet)
rElec    .         Harm     .   (no cloak)
rCorr    .         Rampage  .   (no gloves)
Will     .....                  (no boots)
Stlth    ..........             g - amulet of guardian spirit
HPRegen  0.10/turn              e - +4 ring of evasion
MPRegen  0.08/turn              h - ring of protection from cold

@: mighty, slowed, very slow
A: no striking features
a: no special abilities


You were on level 2 of the Dungeon.
You visited 1 branch of the dungeon, and saw 3 of its levels.

You collected 74 gold pieces.

Inventory:

Hand Weapons
 a - a +0 war axe (weapon)
Armour
 b - a +0 scale mail (worn)
 c - a +0 kite shield (worn)
Jewellery
 e - a +4 ring of evasion (left hand)
 g - an amulet of guardian spirit (around neck)
 h - a ring of protection from cold (right hand)
Scrolls
 i - 2 scrolls of identify {unknown}
 j - a scroll of vulnerability {unknown}


   Skills:
 - Level 3.6 Fighting
 * Level 4.5 Axes
 + Level 3.8 Armour
 + Level 3.6 Shields


You had 2 spell levels left.
You didn't know any spells.
Your spell library contained the following spells:

 Spells                   Type           Power      Damage    Failure   Level
 Fireball                 Conj/Fire      0%         3d3       100%        5
 Iskenderun's Battlesphe  Conj           0%         2d6       100%        5
 Conjure Ball Lightning   Conj/Air       0%         3x3d6     100%        6
 Orb of Destruction       Conj           0%         N/A       100%        7


Dungeon Overview and Level Annotations

Branches:
Dungeon (3/15)

Altars:

Annotations:
D:2 Natasha


Message History

Natasha claws you.
* * * LOW HITPOINT WARNING * * *
Natasha zaps a wand.
You resist with significant effort.
It was a potion of degeneration.
There was something very wrong with that liquid.
You feel weakened.
You feel dopey.
You feel clumsy.
Natasha stares at you and mumbles some strange words.
The magic dart hits you but does no damage.
You slash Natasha!
Natasha is almost dead.
You block Natasha's attack.
Your shield prevents you from hitting Natasha.
Natasha is almost dead.
Natasha zaps a wand.
You resist with significant effort. Natasha casts a spell at you.
You feel yourself slow down.
You closely miss Natasha.
Natasha is almost dead.
Your transformation is almost over.
Natasha claws you but does no damage. x2
You barely miss Natasha.
Natasha is almost dead.
You block Natasha's attack. Natasha claws you but does no damage.
You closely miss Natasha.
Natasha is almost dead.
You block Natasha's attack.
Natasha claws you but does no damage. x2
You barely miss Natasha.
Natasha is almost dead.
You feel less wooden.
Your +0 scale mail unmelds from your body.
Natasha claws you but does no damage. Natasha barely misses you.
You closely miss Natasha.
Natasha is almost dead.
Natasha claws you but does no damage. Natasha claws you!
* * * LOW HITPOINT WARNING * * *
You barely miss Natasha.
Natasha is almost dead.
Natasha mumbles some strange words.
Natasha claws you.
You die...

#.# #..................
#.# #..................
#.# #..................
#.###..................
#..##...............(..
#..##..................
#...#..................
#.#.#).................
#....h@..###..####.....
#....##.####..#####.###
#....##.##....#.....#
#....##.#...##..#######
#......................
#......................
#...........###########
#.(.........# ##.
#...........## #..


You could see Natasha.

Vanquished Creatures
  An adder (D:2)
  A worm (D:2)
  3 orcs
  2 bats
  3 endoplasms
  A giant cockroach (D:1)
  4 goblins
  2 hobgoblins
  2 quokkas (D:2)
  A ball python (D:1)
  3 frilled lizards
  5 kobolds
  9 rats
37 creatures vanquished.

Notes
Turn   | Place    | Note
-------+----------+-------------------------------------------
     0 | D:1      | zeram the Hill Orc Fighter began the quest for the Orb.
     0 | D:1      | Reached XP level 1. HP: 19/19 MP: 1/1
   158 | D:1      | Reached skill level 3 in Axes
   162 | D:1      | Reached XP level 2. HP: 20/26 MP: 2/2
   781 | D:1      | Found a faded altar of an unknown god.
   842 | D:2      | Reached XP level 3. HP: 30/31 MP: 3/3
   925 | D:2      | Reached skill level 4 in Axes
  1331 | D:3      | Noticed Natasha
  1359 | D:2      | HP: 1/31 [Natasha (5)]
  1360 | D:2      | Slain by Natasha

Illustrated notes

Levels and vault maps discovered:
D:1:      dpeg_arrival_ratfight, layout_loops_ring,
          shapermc_ecumenical_altar_mp_vishouse
D:2:      layout_rooms
D:3:      layout_rooms, mainiacjoe_overflow_cross_hatched, minmay_misc_feat_x,
          uniq_natasha

Skill      XL: |  1  2  3 |
---------------+----------+-----
Axes           | 3 4 |  4.5
Fighting       | |  3.6
Armour         | |  3.8
Shields        | |  3.6

Action                   || total
-------------------------++-------
Melee: War axe           ||   115
  Use: Scroll            ||     1
       Potion            ||     2
Armor: Scale mail        ||    35
       Skin              ||    10
Dodge: Dodged            ||    55
Block: Kite shield       ||    46
